 Dungeon Crawl Stone Soup version 0.21-a0-352-g5b8f553 (webtiles) character file.

38 joejoepie the Chopper (level 3, 27/27 HPs)
             Began as a Demonspawn Gladiator on Oct 10, 2017.
             Quit the game on level 2 of the Dungeon on Nov 19, 2017.
             The game lasted 00:04:12 (873 turns).

joejoepie the Chopper (Demonspawn Gladiator)         Turns: 873, Time: 00:04:13

Health: 27/27      AC:  5    Str: 15    XL:     3   Next: 25%
Magic:  3/3        EV: 13    Int:  9    God:
Gold:   72         SH:  0    Dex: 14    Spells: 2/2 levels left

rFire    . . .     SeeInvis .   a - +0 war axe
rCold    . . .     Gourm    .   (no shield)
rNeg     . . .     Faith    .   b - +0 leather armour
rPois    .         Spirit   .   g - +1 helmet
rElec    .         Reflect  .   (no cloak)
rCorr    .         Harm     .   (no gloves)
MR       .....                  (no boots)
Stlth    +.........             (no amulet)
HPRegen  0.09/turn              (no ring)
MPRegen  0.08/turn              (no ring)

@: no status effects
A: demonic guardian 1, spiny 1
a: no special abilities


You were on level 2 of the Dungeon.
You were not hungry.

You visited 1 branch of the dungeon, and saw 2 of its levels.

You collected 72 gold pieces.

Inventory:

Hand Weapons
 a - a +0 war axe (weapon)
Missiles
 d - 3 throwing nets
 i - 2 javelins (quivered)
Armour
 b - a +0 leather armour (worn)
 c - a +1 helmet
 g - a +1 helmet (worn)
Potions
 e - a potion of brilliance
Comestibles
 f - a bread ration


   Skills:
 + Level 2.2 Fighting
 + Level 3.2 Axes
 + Level 2.1 Throwing
 + Level 3.1 Dodging


You had 2 spell levels left.
You didn't know any spells.

Dungeon Overview and Level Annotations

Branches:
Dungeon (2/15)

Altars:


Innate Abilities, Weirdness & Mutations

A weak demonic guardian rushes to your aid.
You are partially covered in sharp spines.


Message History

The dart slug is struck by your spines. The dart slug bites you.
You slash the dart slug!
You kill the dart slug!
The goblin shouts!
The goblin is struck by your spines.
You kill the goblin!
You now have 72 gold pieces (gained 17).
You see here a glowing helmet.
g - a glowing helmet You aren't carrying any spellbooks or scrolls.
Wear which item? (? for menu, Esc to quit)
You start removing your armour.
You continue taking off your +1 helmet. x4
You finish taking off your +1 helmet.
You start putting on your armour.
You continue putting on your glowing helmet. x5
You finish putting on your +1 helmet.
Saving game... please wait.
Welcome back, joejoepie the Demonspawn Gladiator.
Press ? for a list of commands and other information.
Are you sure you want to abandon this character and quit the game? (Confirm with "yes".)

### ... # #.#
..### #.# ....#
##.#
#..#######..#
#.........(#
#.<@......#
#..##.........#
#............#
#............#
#..##...!.....#
#.# #.........#
#. #.........#
. #.........#
#.........#


There were no monsters in sight!

Vanquished Creatures
  3 dart slugs
  2 leopard geckos (D:1)
  3 bats (D:1)
  5 giant cockroaches (D:1)
  6 goblins
  2 hobgoblins (D:1)
  2 frilled lizards (D:1)
  3 kobolds (D:1)
  3 rats (D:1)
29 creatures vanquished.

Notes
Turn   | Place    | Note
-------+----------+-------------------------------------------
     0 | D:1      | joejoepie the Demonspawn Gladiator began the quest for the Orb.
     0 | D:1      | Reached XP level 1. HP: 16/16 MP: 1/1
   185 | D:1      | Gained mutation: You are partially covered in sharp spines. [demonic ancestry]
   185 | D:1      | Reached XP level 2. HP: 22/22 MP: 2/2
   439 | D:1      | Gained mutation: A weak demonic guardian rushes to your aid. [demonic ancestry]
   439 | D:1      | Reached XP level 3. HP: 27/27 MP: 3/3
   873 | D:2      | Quit the game

Vault maps used:
D:1:      dpeg_arrival_circle_labyrinth_a, lemuel_old_faithful
D:2:      st_stairs_3

Skill      XL: |  1  2 |
---------------+-------+-----
Dodging        | 3 |  3.1
Axes           | 3 |  3.2
Throwing       | 2 |  2.1
Fighting       | |  2.2

Action                   || total
-------------------------++-------
Melee: War axe           ||    39
Throw: Javelin           ||     6
  Use: Scroll            ||     3
       Potion            ||     1
 Stab: Sleeping          ||     1
Armor: Leather armour    ||     9
Dodge: Dodged            ||    29

Table legend:
 A = Spawn XP
 B = Non-spawn XP
 C = Spawn XP percentage of total XP
 D = Spawn monster count
 E = Non-spawn monster count
 F = Spawn count percentage of total count
 G = Total turns spent on level
                    A         B        C        D         E        F      G
               +---------+---------+-------+---------+---------+-------+---------
         Total |       0 |      55 |   0.0 |       0 |      29 |   0.0 |   873
               +---------+---------+-------+---------+---------+-------+---------
           D:1 |       0 |      50 |   0.0 |       0 |      27 |   0.0 |   842
           D:2 |       0 |       5 |   0.0 |       0 |       2 |   0.0 |    31
               +---------+---------+-------+---------+---------+-------+---------
